 Dungeon Crawl Stone Soup version 0.20.1-1-g8b1a95d (webtiles) character file.

34 Gobbopathe the Insei (level 3, 0/17 HPs)
             Began as a Vine Stalker Transmuter on Oct 5, 2017.
             Succumbed to a goblin's poison
             ... on level 1 of the Dungeon.
             The game lasted 00:03:55 (1026 turns).

Gobbopathe the Insei (Vine Stalker Transmuter)      Turns: 1026, Time: 00:03:56

Health: 0/17       AC:  3    Str: 12    XL:     3   Next: 31%
Magic:  7/7        EV: 15    Int: 13    God:
Gold:   57         SH:  0    Dex: 15    Spells: 4/7 levels left

rFire    . . .     SeeInvis .     - Unarmed
rCold    . . .     Gourm    .   (no shield)
rNeg     . . .     Faith    .   b - +1 robe
rPois    .         Spirit   +   (no helmet)
rElec    .         Reflect  .   (no cloak)
rCorr    .         Harm     .   (no gloves)
MR       .....                  (no boots)
Stlth    +.........             (no amulet)
Regen    0.1/turn               o - +3 ring of evasion
MPRegen  0.1/turn               (no ring)

@: lethally poisoned (0 -> -2)
A: fangs 2, magic shield, antimagic bite, no potion heal 3, rot immunity
a: no special abilities


You were on level 1 of the Dungeon.
You were not hungry.

You visited 1 branch of the dungeon, and saw 2 of its levels.

You collected 57 gold pieces.

Inventory:

Missiles
 a - 37 arrows
 f - 34 poisoned needles
 g - 19 stones (quivered)
 s - 5 javelins
Armour
 b - a +1 robe (worn)
Jewellery
 j - an uncursed ring of fire
 n - an uncursed ring of resist corrosion
 o - a +3 ring of evasion (left hand)
Scrolls
 l - a scroll of recharging
Books
 c - a book of Changes

   Spells                             Type                      Level
   a - Beastly Appendage              Transmutation                1
   b - Sticks to Snakes               Transmutation                2
   c - Spider Form                    Transmutation/Poison         3
   d - Ice Form                       Ice/Transmutation            4
   e - Blade Hands                    Transmutation                5
Comestibles
 d - a bread ration


   Skills:
 - Level 0.8 Fighting
 - Level 1.5 Dodging
 + Level 3.2 Unarmed Combat
 + Level 2.6 Spellcasting
 * Level 3.0 Transmutations


You had 4 spell levels left.
You knew the following spells:

 Your Spells              Type           Power        Failure   Level  Hunger
a - Beastly Appendage     Tmut           #.....       7%          1    #......
b - Sticks to Snakes      Tmut           #.......     11%         2    ###....


Dungeon Overview and Level Annotations

Branches:
Dungeon (2/15)

Altars:


Innate Abilities, Weirdness & Mutations

You have extremely sharp teeth.
When hurt, damage is shared between your health and your magic reserves.
Your bite disrupts and absorbs the magic of your enemies.
Potions cannot restore your health.
You are immune to rotting.


Message History

As you read the scroll labeled GEWUMEG JAAWUA, it crumbles to dust.
It is a scroll of identify.
n - an uncursed ring of resist corrosion Put on which piece of jewellery? (? for menu, Esc to quit)
o - a +3 ring of evasion (left hand)
As you read the scroll labeled GUMOGO HEJU, it crumbles to dust.
The scroll dissolves into smoke.
It was a scroll of fog.
* * * LOW HITPOINT WARNING * * *
You feel sick.
As you read the scroll labeled VAIKHL IGIOPI, it crumbles to dust.
You feel aware of your surroundings.
It was a scroll of magic mapping.
All of the chunks of flesh in your inventory have rotted away.
As you read the scroll labeled DASIUQAMUO, it crumbles to dust.
You feel strangely unstable.
It was a scroll of teleportation.
* * * LOW HITPOINT WARNING * * *
You feel sick.
Your surroundings suddenly seem different.
* * * LOW HITPOINT WARNING * * *
You feel sick.
You die...

**#.#....# #.#.### #.....#.
#.#....# #.#...#####.....#.
#.#....# ###+#...........%.##
#.#....# #......+########'...
#.#...)# #......#........#.##
#.#....# #......#.+####'.#...
#.###..#######.#..#.#....#.#..#
#............#.#..#.#.##.#.#...
##########....@##.#.#.##.#.#...
#........#.#....#.#...
#........#.+####'.#.#.
#....###.#........#...
##.......'########+..#
#.#.................#
#.#.######...##.....# #.#.#
#...##.....# #.#.# #.#.##.....#


There were no monsters in sight!

Vanquished Creatures
  3 dart slugs
  A leopard gecko (D:1)
  A giant cockroach (D:1)
  4 goblins (D:1)
  2 hobgoblins (D:1)
  2 ball pythons (D:1)
  4 bats (D:1)
  3 frilled lizards (D:1)
  3 kobolds (D:1)
  5 rats (D:1)
28 creatures vanquished.

Notes
Turn   | Place    | Note
-------+----------+-------------------------------------------
     0 | D:1      | Gobbopathe the Vine Stalker Transmuter began the quest for the Orb.
     0 | D:1      | Reached XP level 1. HP: 9/9 MP: 4/4
   215 | D:1      | Reached XP level 2. HP: 8/14 MP: 6/6
   219 | D:1      | Learned a level 2 spell: Sticks to Snakes
   761 | D:1      | Reached XP level 3. HP: 17/17 MP: 5/7
  1026 | D:1      | Succumbed to a goblin's poison

Skill      XL: |  1  2  3 |
---------------+----------+-----
Transmutations | 3 |  3.0
Fighting       | |  0.8
Dodging        | |  1.5
Unarmed Combat | |  3.2
Spellcasting   | |  2.6

Action                   || total
-------------------------++-------
Melee: Unarmed           ||    67
       Bite              ||    14
       Punch             ||     1
       Headbutt          ||     6
       Kick              ||     2
 Cast: Beastly Appendage ||    15
  Use: Scroll            ||     8
 Stab: Sleeping          ||     2
  Eat: Chunk             ||     1
Armor: Robe              ||     9
Dodge: Dodged            ||    33
